 Dungeon Crawl Stone Soup version 0.24-a0-630-g0d56a851f4 (webtiles) character file.

Game seed: 5462404470313532662, levelgen mode: deterministic

365 Bikalo the Skirmisher (level 6, 0/56 HPs)
             Began as a Hill Orc Monk on Sept 20, 2019.
             Slain by Crazy Yiuf
             ... wielding a +3 quarterstaff of chaos
              (2 damage)
             ... on level 3 of the Dungeon.
             The game lasted 00:08:47 (3197 turns).

Bikalo the Skirmisher (Hill Orc Monk)               Turns: 3197, Time: 00:08:48

Health: 0/56       AC:  7    Str: 14    XL:     6   Next: 68%
Magic:  6/6        EV: 10    Int: 11    God:
Gold:   98         SH:  0    Dex: 14    Spells: 5/5 levels left

rFire    . . .     SeeInvis .   e - +3 dagger
rCold    . . .     Gourm    .   (no shield)
rNeg     . . .     Faith    .   m - +0 scale mail
rPois    .         Spirit   .   q - +0 helmet
rElec    .         Reflect  .   (no cloak)
rCorr    .         Harm     +   (no gloves)
MR       .....                  (no boots)
Stlth    +.........             l - amulet of harm
HPRegen  0.18/turn              (no ring)
MPRegen  0.10/turn              (no ring)

@: lethally poisoned (0 -> -4), flying, slowed, drained, very slow
A: no striking features
a: no special abilities


You were on level 3 of the Dungeon.
You were not hungry.

You visited 1 branch of the dungeon, and saw 3 of its levels.

You collected 98 gold pieces.

Inventory:

Hand Weapons
 a - a +0 spear
 e - a +3 dagger (weapon)
 r - a +2 scimitar of slicing
Armour
 m - a +0 scale mail (worn)
 q - a +0 helmet (worn)
Jewellery
 l - an amulet of harm (around neck)
Wands
 p - a wand of flame (25)
Scrolls
 d - a scroll of immolation {unknown}
 g - 2 scrolls of teleportation
 i - a scroll of remove curse
 j - a scroll of identify
 k - a scroll of fear {unknown}
 n - a scroll of fog {unknown}
 s - a scroll of magic mapping
 t - 2 scrolls of enchant weapon {unknown}
Potions
 b - a potion of lignification
 h - a potion of berserk rage
Comestibles
 c - 7 rations


   Skills:
 + Level 5.0(4.3) Fighting
 - Level 1.0(0.4) Short Blades
 + Level 4.6(4.0) Polearms
 + Level 2.8(2.1) Armour
 - Level 3.2(2.6) Dodging
 + Level 3.0(2.4) Stealth


You had 5 spell levels left.
You didn't know any spells.
Your spell library was empty.

Dungeon Overview and Level Annotations

Branches:
Dungeon (3/15)

Altars:
Ashenzari
Qazlal

Annotations:
D:3 Crazy Yiuf


Message History

You hit Crazy Yiuf but do no damage.
Crazy Yiuf is heavily wounded.
You feel sick.
Crazy Yiuf hits you with a +3 quarterstaff of chaos.
Crazy Yiuf burns you.
You hit Crazy Yiuf.
Crazy Yiuf is heavily wounded.
Crazy Yiuf drinks a potion.
Crazy Yiuf is healed!
You feel much better.
You feel sick. Crazy Yiuf barely misses you.
It was a potion of flight.
You feel very buoyant.
You fly up into the air.
You feel sick.
Crazy Yiuf hits you with a +3 quarterstaff of chaos!
* * * LOW HITPOINT WARNING * * *
Crazy Yiuf freezes you.
* * * LOW HITPOINT WARNING * * *
Crazy Yiuf hits you with a +3 quarterstaff of chaos.
* * * LOW HITPOINT WARNING * * *
Crazy Yiuf freezes you.
You die...

.......##.......###
.......##.......#
.......##.#######
...........#
........#..# #####
....^...#..# #..)#
........#### #...#
...........# #.g.#
##########.# #@#
#.# ♣♣.♣ #.# ♣.♣♣
#.# ♣♣.♣ #.# ♣.♣♣
#.# ♣♣.♣♣ #.#
♣.P.♣♣ #.# ♣..PP♣
#.# #....#


You could see Crazy Yiuf.

Vanquished Creatures
  Sigmund (D:3)
  2 worker ants (D:3)
  Robin (D:3)
  2 adders (D:3)
  An ooze (D:2)
  4 worms
  A dart slug (D:2)
  3 leopard geckos
  5 orcs (D:3)
  A ball python (D:1)
  12 bats
  4 giant cockroaches
  13 goblins
  17 hobgoblins
  3 jackals (D:1)
  10 kobolds
  2 quokkas
  4 frilled lizards
  9 rats
95 creatures vanquished.

Notes
Turn   | Place    | Note
-------+----------+-------------------------------------------
     0 | D:1      | Bikalo the Hill Orc Monk began the quest for the Orb.
     0 | D:1      | Reached XP level 1. HP: 19/19 MP: 1/1
    33 | D:1      | Reached XP level 2. HP: 13/27 MP: 2/2
   683 | D:1      | Reached skill level 1 in Armour
   683 | D:1      | Reached XP level 3. HP: 28/33 MP: 3/3
   911 | D:2      | Reached skill level 4 in Fighting
  1194 | D:2      | Reached XP level 4. HP: 40/40 MP: 4/4
  1297 | D:2      | Found a shattered altar of Ashenzari.
  1298 | D:2      | Found a stormy altar of Qazlal.
  1779 | D:3      | Noticed Robin
  1794 | D:3      | Reached skill level 1 in Short Blades
  1802 | D:3      | Killed Robin
  1966 | D:3      | Reached XP level 5. HP: 41/47 MP: 5/5
  2019 | D:3      | Noticed Sigmund
  2071 | D:3      | Killed Sigmund
  2071 | D:3      | Reached XP level 6. HP: 10/55 MP: 6/6
  2919 | D:3      | Reached skill level 5 in Fighting
  3077 | D:3      | Found a runed translucent door.
  3078 | D:3      | Noticed Crazy Yiuf
  3197 | D:3      | HP: 2/56 [Crazy Yiuf/+3 quarterstaff of chaos (7)]
  3197 | D:3      | Slain by Crazy Yiuf

Levels and vault maps discovered:
D:1:      minmay_arrival_shoal_huts, layout_basic
D:2:      layout_loops_ring, nicolae_overflow_hidden_temple
D:3:      layout_basic, first_ration, uniq_crazy_yiuf_cottage, uniq_sigmund,
          uniq_robin

Skill      XL: |  1  2  3  4  5  6 |
---------------+-------------------+-----
Armour         | 1 2 |  2.8
Stealth        | 2 3 |  3.0
Fighting       | 4 5 |  5.0
Short Blades   | 1 |  1.0
Polearms       | 4 |  4.6
Dodging        | 3 |  3.2

Action                   |  1- 3 |  4- 6 || total
-------------------------+-------+-------++-------
Melee: Spear             |    25 |       ||    25
       Dagger            |   104 |   207 ||   311
       Short sword       |     1 |       ||     1
  Use: Scroll            |       |     5 ||     5
       Potion            |       |     8 ||     8
 Stab: Sleeping          |     3 |       ||     3
  Eat: Chunk             |       |     5 ||     5
       Ration            |       |     1 ||     1
Armor: Robe              |    13 |       ||    13
       Scale mail        |    14 |    54 ||    68
       Skin              |       |    36 ||    36
Dodge: Dodged            |    76 |    75 ||   151

Table legend:
 A = Non-vault XP
 B = Vault XP
 C = Vault XP percentage of total XP
 D = Non-vault monster count
 E = Vault monster count
 F = Vault count percentage of total count
                 A         B        C        D         E       F
            +---------+---------+-------+---------+---------+-------
      Total |     248 |     274 |  52.5 |      82 |      13 |  13.7
            +---------+---------+-------+---------+---------+-------
        D:1 |      45 |       0 |   0.0 |      25 |       0 |   0.0
        D:2 |      56 |       0 |   0.0 |      26 |       0 |   0.0
        D:3 |     147 |     274 |  65.1 |      31 |      13 |  29.5
            +---------+---------+-------+---------+---------+-------
